 Dungeon Crawl Stone Soup version 0.24.1-11-gbbbb2193e6 (webtiles) character file.

Game seed: 9991646951229934857, levelgen mode: deterministic

93 Gabide the Slasher (level 4, 0/34 HPs)
             Began as a Human Gladiator on May 14, 2020.
             Slain by Blork the orc
             ... wielding a +2 trident of flaming
              (5 damage)
             ... on level 4 of the Dungeon.
             The game lasted 00:05:12 (1467 turns).

Gabide the Slasher (Human Gladiator)                Turns: 1467, Time: 00:05:12

Health: 0/34       AC:  8    Str: 16    XL:     4   Next: 92%
Magic:  4/4        EV: 12    Int:  8    God:
Gold:   47         SH:  0    Dex: 14    Spells: 3/3 levels left

rFire    . . .     SeeInvis .   a - +0 long sword
rCold    . . .     Gourm    .   (no shield)
rNeg     . . .     Faith    .   m - +1 ring mail
rPois    .         Spirit   .   p - +1 helmet
rElec    .         Reflect  .   (no cloak)
rCorr    .         Harm     .   (no gloves)
MR       .....                  (no boots)
Stlth    +.........             (no amulet)
HPRegen  0.11/turn              j - ring of wizardry
MPRegen  0.09/turn              (no ring)

@: about to teleport
A: no striking features
a: no special abilities


You were on level 4 of the Dungeon.
You were not hungry.

You visited 1 branch of the dungeon, and saw 3 of its levels.

You collected 47 gold pieces.

Inventory:

Hand Weapons
 a - a +0 long sword (weapon)
Armour
 m - a +1 ring mail (worn)
 p - a +1 helmet (worn)
Magical Staves
 b - an uncursed staff of death {unknown}
Jewellery
 j - a ring of wizardry (left hand)
Scrolls
 h - 2 scrolls of remove curse
 o - a scroll of identify
Potions
 e - a potion of might {unknown}
 l - 2 potions of mutation
 n - a potion of heal wounds {unknown}
Comestibles
 f - 5 rations


   Skills:
 + Level 2.3 Fighting
 * Level 4.7 Long Blades
 + Level 2.1 Throwing
 - Level 0.5 Armour
 + Level 3.2 Dodging


You had 3 spell levels left.
You didn't know any spells.
Your spell library was empty.

Dungeon Overview and Level Annotations

Branches:
Dungeon (2/15)

Altars:
Okawaru

Annotations:
D:4 Blork the orc


Message History

The gnoll hits you with a +0 club.
Unknown command.
As you read the scroll of teleportation, it crumbles to dust.
You feel strangely unstable. Something hits you but does no damage.
The gnoll closely misses you.
You closely miss the gnoll.
The gnoll is severely wounded.
Something hits you but does no damage. Something hits you.
* * * LOW HITPOINT WARNING * * *
Something burns you.
* * * LOW HITPOINT WARNING * * *
The gnoll hits you but does no damage.
You hit the gnoll.
You kill the gnoll!
Something hits you.
* * * LOW HITPOINT WARNING * * *
Something burns you.
* * * LOW HITPOINT WARNING * * *
You hit the gnoll but do no damage. Something hits you.
You die...

### #####.#
#.....######
#.......##@#
#..#....##g#
#.....g...s#
#....?.g#gg..#
#....o..#.....#
#.......#..#+##
.......!s....
...........(..
#............$..


You could see 3 gnolls and a giant cockroach.

Vanquished Creatures
  Robin (D:2)
  A gnoll (D:4)
  An adder (D:4)
  A dart slug (D:2)
  3 leopard geckos
  A giant cockroach (D:2)
  16 goblins
  6 hobgoblins
  6 jackals
  A quokka (D:2)
  2 bats (D:2)
  5 frilled lizards (D:2)
  5 kobolds
  7 rats
56 creatures vanquished.

Notes
Turn   | Place    | Note
-------+----------+-------------------------------------------
     0 | D:1      | Gabide the Human Gladiator began the quest for the Orb.
     0 | D:1      | Reached XP level 1. HP: 16/16 MP: 1/1
   119 | D:1      | Reached XP level 2. HP: 19/22 MP: 2/2
   703 | D:1      | Reached XP level 3. HP: 27/27 MP: 3/3
   819 | D:2      | Found a faded altar of an unknown god.
   960 | D:2      | Found an iron altar of Okawaru.
  1000 | D:2      | Reached skill level 4 in Long Blades
  1137 | D:2      | Noticed Robin
  1147 | D:2      | Reached XP level 4. HP: 21/33 MP: 4/4
  1166 | D:2      | Killed Robin
  1434 | D:2      | You fall into a shaft and drop 2 floors!
  1445 | D:4      | Noticed Blork the orc
  1467 | D:4      | Slain by Blork the orc

Levels and vault maps discovered:
D:1:      minmay_arrival_shoal_huts, layout_basic, minmay_fountain_box,
          minmay_misc_feat_square
D:2:      layout_loops_ring, kennysheep_okawaru_gauntlet,
          chequers_ecumenical_altar_simple_redux, minmay_box_of_dots, uniq_robin
D:4:      layout_basic, ebering_ghost_disaster_area, hangedman_decor_opposing,
          uniq_blork_the_orc, uniq_crazy_yiuf_cottage, uniq_natasha

Skill      XL: |  1  2  3 |
---------------+----------+-----
Long Blades    | 4 |  4.7
Fighting       | |  2.3
Throwing       | |  2.1
Armour         | |  0.5
Dodging        | |  3.2

Action                   |  1- 3 |  4- 6 || total
-------------------------+-------+-------++-------
Melee: Long sword        |   103 |    41 ||   144
Throw: Throwing net      |       |     3 ||     3
  Use: Scroll            |     9 |     1 ||    10
       Potion            |       |     1 ||     1
  Eat: Chunk             |     1 |     1 ||     2
Armor: Leather armour    |    17 |       ||    17
       Ring mail         |    22 |    19 ||    41
Dodge: Dodged            |    79 |    29 ||   108
       Rpst.: Long sword |    23 |    10 ||    33
